 Dungeon Crawl Stone Soup version 0.17.0-24-gcfadda4 (console) character file.

1320 gw the Cudgeler (level 8, -7/63 HPs)
             Began as a Demonspawn Chaos Knight on Nov 17, 2015.
             Engulfed by a cloud of flame (20 damage)
             ... on level 5 of the Dungeon.
             The game lasted 00:06:22 (6195 turns).

gw the Cudgeler (Demonspawn Chaos Knight)           Turns: 6195, Time: 00:06:22

Health: -7/63      AC: 12    Str: 15    XL:     8   Next: 33%
Magic:  8/8        EV:  7    Int: 15    God:    Xom [....*.]
Gold:   255        SH:  3    Dex: 15    Spells: 0 memorised, 7 levels left

rFire  . . .     SeeInvis .     b - +0 flail
rCold  . . .     Clarity  +     h - +0 chain mail
rNeg   . . .     SustAt   .     (no shield)
rPois  .         Gourm    .     (helmet restricted)
rElec  .         Spirit   .     (no cloak)
rCorr  +         Warding  .     (no gloves)
rMut   .         Stasis   .     (no boots)
MR     +....                    g - amulet of resist corrosion
Stlth  ..........               (no ring)
                                (no ring)

@: somewhat resistant to hostile enchantments, extremely unstealthy
A: horns 1, talons 1, large bone plates 2, clarity, clever 1, magic resistance
1, nightstalker 2, spiny 2, strong 1, wild magic 1
a: Renounce Religion


You were on level 5 of the Dungeon.
You worshipped Xom.
You were a beloved toy of Xom.
You were very hungry.

You visited 1 branch of the dungeon, and saw 5 of its levels.

You collected 255 gold pieces.

Inventory:

Hand Weapons
 b - a +0 flail (weapon)
Missiles
 d - 115 stones
 k - 44 poisoned needles
 n - 4 tomahawks (quivered)
 p - 5 needles of confusion
Armour
 h - a +0 chain mail (worn)
Jewellery
 g - an amulet of resist corrosion (around neck)
Scrolls
 e - a scroll of enchant armour
 i - a scroll of identify
 j - 3 scrolls of remove curse
 r - a scroll of teleportation {unknown}
Potions
 l - a potion of brilliance
 o - 2 potions of curing
Comestibles
 c - 4 bread rations
 f - 2 meat rations
 m - 2 slices of pizza
 q - 19 fruits


   Skills:
 + Level 5.5 Fighting
 * Level 6.5 Maces & Flails
 + Level 3.8 Throwing
 + Level 4.3 Armour
 - Level 0.8 Dodging


You had 7 spell levels left.
You didn't know any spells.

Dungeon Overview and Level Annotations

Branches:
Dungeon (5/15)             Temple (0/1) D:5

Altars:
Gozag
Makhleb
Xom
Zin


Innate Abilities, Weirdness & Mutations

You are mostly covered in large bone plates (AC +3, SH +3).
You are significantly more attuned to the shadows.
You are mostly covered in sharp spines.
You have a pair of small horns on your head.
You have sharp toenails.
You possess an exceptional clarity of mind.
Your mind is acute. (Int +2)
You are resistant to hostile enchantments.
Your muscles are strong. (Str +2)
Your spells are a little harder to cast, but a little more powerful.


Message History

You are engulfed in roaring flames.
MOVING TO (-5,-5) Search for what [Enter for "@corpse$&&!!rott&&!!skel&&!!inedible&&!!mutagenic&&!!forbidden", or ? for help]? @corpse$&&!!rott&&!!skel&&!!inedible&&!!mutagenic&&!!forbidden Can't find anything matching that.
Okay, then.
Search for what [Enter for "@corpse$&&!!rott&&!!skel&&!!inedible&&!!mutagenic&&!!forbidden", or ? for help]? @corpse$&&!!rott&&!!skel&&!!inedible&&!!mutagenic&&!!forbidden Can't find anything matching that.
Okay, then.
You start resting.
You are engulfed in roaring flames.
MOVING TO (1,-1) Search for what [Enter for "@corpse$&&!!rott&&!!skel&&!!inedible&&!!mutagenic&&!!forbidden", or ? for help]? @corpse$&&!!rott&&!!skel&&!!inedible&&!!mutagenic&&!!forbidden Can't find anything matching that.
Okay, then.
You start resting. "Here."
Something appears at your feet!
You start resting.
You are engulfed in roaring flames.
You die...

###################
#.................#
#........¤......¤.#
###.....¤¤¤.¤.....¤.#
##.#....¤.¤.¤.....¤..#
...#...........¤6.¤..#
...#.................#
...8......_..........#
....................>#
...8..._.............#
##.#.................#
####...............¤.#
.# #...¤...¤.......¤
.# #..¤...¤¤........


There were no monsters in sight!

Table legend:
 A = Turns spent in this place as a percentage of turns spent in the entire game.
 B = Non-inter-level travel turns spent in this place as a percentage of non-inter-level travel turns spent in the entire game.
 C = Inter-level travel turns spent in this place as a percentage of turns spent in this place.
 D = Turns resting spent in this place as a percentage of non-inter-level travel turns spent in this place.
 E = Turns spent auto-exploring this place as a percentage of non-inter-level travel turns spent in this place.
 F = Non-inter-level travel turns spent in this place divided by the number of levels of this place that you've seen.
                   A       B       C       D       E      F
               +-------+-------+-------+-------+-------+----------------------
         Total | 100.0 | 100.0 |   0.4 |   1.3 |   2.1 | 1531.8
       Dungeon | 100.0 | 100.0 |   0.4 |   1.3 |   2.1 | 1531.8
               +-------+-------+-------+-------+-------+----------------------

Table legend:
 A = Kills in this place as a percentage of kills in entire the game.
 B = Kills by you in this place as a percentage of kills by you in the entire game.
 C = Kills by friends in this place as a percentage of kills by friends in the entire game.
 D = Other kills in this place as a percentage of other kills in the entire game.
 E = Experience gained in this place as a percentage of experience gained in the entire game.
 F = Experience gained in this place divided by the number of levels of this place that you have seen.
                   A       B       C       D       E      F
               +-------+-------+-------+-------+-------+----------------------
         Total | 100.0 | 100.0 | 100.0 |  -nan | 100.0 | 377.2
       Dungeon | 100.0 | 100.0 | 100.0 |  -nan | 100.0 | 377.2
               +-------+-------+-------+-------+-------+----------------------

Vanquished Creatures
  A trapdoor spider zombie (D:5)
  An ice beast (D:5)
  A swamp drake (D:3)
  A sky beast (D:5)
  An ogre (D:4)
  A centaur (D:5)
  4 killer bees (D:5)
  A scorpion (D:4)
  A giant frog zombie (D:5)
  A crimson imp (D:4)
  An orc priest (D:4)
  An orc wizard (D:5)
  A worker ant (D:4)
  A sheep (shapeshifter) (D:3)
  A worker ant zombie (D:5)
  An adder (shapeshifter) (D:4)
  8 adders
  A shadow imp (D:5)
  An adder skeleton (D:4)
  A worm (D:2)
  2 giant geckos (D:3)
  8 orcs
  A ball python (D:5)
  3 giant cockroaches
  7 hobgoblins
  13 jackals
  8 bats
  17 goblins
  10 kobolds
  4 rats
103 creatures vanquished.

Vanquished Creatures (collateral kills)
  Eustachio (D:5)
  A killer bee (D:5)
  A worker ant (D:5)
  A ball python (D:2)
  A bat (D:1)
  A rat (D:1)
6 creatures vanquished.

Vanquished Creatures (others)
  A sky beast (D:5)
1 creature vanquished.

Grand Total: 110 creatures vanquished

Notes
Turn   | Place    | Note
--------------------------------------------------------------
     0 | D:1      | gw the Demonspawn Chaos Knight began the quest for the Orb.
     0 | D:1      | Reached XP level 1. HP: 18/18 MP: 1/1
    23 | D:1      | XOM: harmless Necr miscast
    97 | D:1      | Gained mutation: You are partially covered in large bone plates (AC +2, SH +2). [demonic ancestry]
    97 | D:1      | Reached XP level 2. HP: 20/24 MP: 2/2
   212 | D:1      | XOM: harmless Air miscast
   243 | D:1      | XOM: harmless Chrm miscast
   837 | D:2      | Gained mutation: You are slightly more attuned to the shadows. [demonic ancestry]
   837 | D:2      | Reached XP level 3. HP: 13/29 MP: 3/3
  1088 | D:2      | Found a glowing silver altar of Zin.
  1362 | D:2      | Found a burning altar of Makhleb.
  1490 | D:2      | XOM: potion effect (brilliance)
  1499 | D:2      | Reached skill level 1 in Throwing
  1552 | D:2      | XOM: harmless Fire miscast
  1555 | D:2      | Reached XP level 4. HP: 32/35 MP: 4/4
  1560 | D:2      | XOM: divination: magic mapping
  1861 | D:2      | XOM: silly message
  1987 | D:2      | XOM: cast spell 'Summon Butterflies'
  2000 | D:2      | XOM: silly message
  2146 | D:2      | XOM: potion effect (agility)
  2911 | D:3      | Gained mutation: You are mostly covered in large bone plates (AC +3, SH +3). [demonic ancestry]
  2911 | D:3      | Reached XP level 5. HP: 42/42 MP: 5/5
  3136 | D:3      | XOM: 2-stop teleportation journey
  3461 | D:3      | Reached skill level 4 in Fighting
  3541 | D:3      | XOM: polymorph giant cockroach -> gnoll
  3559 | D:3      | XOM: mild Erth miscast
  3760 | D:3      | Noticed a swamp drake
  3760 | D:3      | a worm changed into a swamp drake
  3760 | D:3      | XOM: polymorph worm -> swamp drake
  3769 | D:3      | Killed a swamp drake
  3830 | D:3      | XOM: harmless Conj miscast
  3974 | D:4      | XOM: colour smoke trail
  3992 | D:4      | Gained mutation: You are significantly more attuned to the shadows. [demonic ancestry]
  3992 | D:4      | Reached XP level 6. HP: 45/48 MP: 6/6
  4000 | D:4      | XOM: divination: detect items
  4057 | D:4      | XOM: harmless Conj miscast
  4203 | D:4      | XOM: colour smoke trail
  4304 | D:4      | XOM: 3-stop teleportation journey
  4600 | D:4      | XOM: colour smoke trail
  4656 | D:4      | Noticed an ogre
  4667 | D:4      | Killed an ogre
  4667 | D:4      | Reached skill level 5 in Maces & Flails
  4831 | D:4      | XOM: harmless Ice miscast
  4871 | D:5      | Entered Level 5 of the Dungeon
  4902 | D:5      | Gained mutation: You are partially covered in sharp spines. [demonic ancestry]
  4902 | D:5      | Reached XP level 7. HP: 55/55 MP: 7/7
  5012 | D:5      | Found an opulent altar of Gozag.
  5149 | D:5      | XOM: summons 5 hostile shadow creatures
  5153 | D:5      | XOM: summons 7 friendly demons
  5158 | D:5      | Reached skill level 5 in Fighting
  5287 | D:5      | XOM: potion effect (berserk rage)
  5362 | D:5      | XOM: give mutations
  5362 | D:5      | Gained mutation: You have a pair of small horns on your head. [Xom's grace]
  5362 | D:5      | Gained mutation: Your mind is acute. (Int +2) [Xom's grace]
  5362 | D:5      | Gained mutation: You have sharp toenails. [Xom's grace]
  5362 | D:5      | Gained mutation: Your muscles are strong. (Str +2) [Xom's grace]
  5420 | D:5      | Noticed Eustachio
  5428 | D:5      | Killed Eustachio
  5428 | D:5      | Reached skill level 6 in Maces & Flails
  5428 | D:5      | Gained mutation: You are mostly covered in sharp spines. [demonic ancestry]
  5428 | D:5      | Reached XP level 8. HP: 40/62 MP: 8/8
  5738 | D:5      | Noticed a trapdoor spider zombie
  5746 | D:5      | Killed a trapdoor spider zombie
  5907 | D:5      | XOM: scenery: create altars
  6019 | D:5      | XOM: smoke on damage
  6052 | D:5      | Found a staircase to the Ecumenical Temple.
  6081 | D:5      | XOM: give mutations
  6081 | D:5      | Gained mutation: You are resistant to hostile enchantments. [Xom's grace]
  6081 | D:5      | Gained mutation: You possess an exceptional clarity of mind. [Xom's grace]
  6081 | D:5      | Gained mutation: Your spells are a little harder to cast, but a little more powerful. [Xom's grace]
  6180 | D:5      | XOM: god gift: club {god gift}
  6195 | D:5      | Engulfed by a cloud of flame

Action                   |  1- 3 |  4- 6 |  7- 9 || total
-------------------------+-------+-------+-------++-------
Melee: Mace              |   143 |   201 |     6 ||   350
       Flail             |       |       |    43 ||    43
Throw: Stone             |    40 |    95 |    10 ||   145
       Tomahawk          |       |       |    13 ||    13
  Use: Scroll            |     5 |     3 |     1 ||     9
       Potion            |     3 |     3 |       ||     6
 Stab: Paralysed         |     2 |     3 |       ||     5
       Petrifying        |       |     2 |       ||     2
       Confused          |       |     2 |       ||     2
  Eat: Chunk             |     2 |     9 |     5 ||    16
       Fruit             |       |     1 |       ||     1

Vault maps used:
D:1:      dpeg_arrival_windows_large_door
D:2:      zin_treasury, bloody_makhleb, first_bread, serial_glass,
          glass_columns_a, glass_columns_a, minmay_goblin_outpost
D:3:      st_stairs_13
D:5:      lemuel_temple_firewalk, nicolae_ossuary_entry_false_entrances,
          grunt_gozag_statues, uniq_eustachio
